Map: Shrines of Lizul

Players

Tenonee - Winner!

  • Race: Zerg Zerg
  • League: Platinum

McFukitts - Winner!

  • Race: Protoss Protoss
  • League: Master

PurpleZebra

  • Race: Zerg Zerg
  • League: Diamond

Guitar

  • Race: Terran Terran

VOD

Have the link to the VOD?

Description

Time

  • Played on: July 26, 2016, 5:19 a.m.
  • Length: 13:14
Show
View Real Time Build Order
Export as new Build Order

Tenonee Zerg - Winner!

Build Orders: Hatch First 

Get SALT Encoding   

  12  0:01  Drone  
  13  0:13  Overlord  
  13  0:20  Drone  
  14  0:35  Drone x2  
  16  0:50  Drone  
  16  0:56  Hatchery  
  16  1:01  Drone  
  17  1:05  Extractor  
  16  1:17  Spawning Pool  
  15  1:25  Drone  
  15  1:26  Drone  
  17  1:33  Drone  
  17  1:38  Overlord  
  18  1:51  Drone  
  19  2:06  Metabolic Boost  
  19  2:10  Queen x2  
  23  2:19  Zergling x4  
  23  2:20  Zergling x2  
  26  2:29  Drone x2  
  28  2:34  Overlord  
  28  2:50  Drone x2  
  28  2:51  Drone  
  31  2:52  Overlord  
  31  3:05  Drone x2  
  31  3:06  Drone  
  34  3:13  Roach Warren  
  32  3:25  Zergling x16  
  40  3:35  Queen  
  37  3:55  Drone x3  
  40  3:58  Drone x2  
  42  4:09  Queen  
  44  4:16  Lair  
  44  4:18  Drone x2  
  44  4:19  Drone x5  
  51  4:27  Overlord x2  
  49  4:57  Hatchery  
  48  5:13  Roach x9  
  62  5:18  Drone  
  62  5:19  Extractor, Drone x2  
  62  5:20  Drone  
  63  5:24  Queen  
  64  5:41  Drone x2, Extractor  
  64  5:42  Extractor, Drone  
  65  5:43  Drone x2  
  65  5:44  Drone  
  65  5:45  Overlord x2  
  65  5:47  Glial Reconstitution  
  68  6:16  Queen x3  
  74  6:36  Drone x2, Overlord  
  74  6:37  Overlord x2  
  70  6:40  Roach  
  70  6:41  Roach x8  
  76  6:54  Roach  
  76  6:55  Roach x5  
  88  7:05  Evolution Chamber  
  88  7:06  Evolution Chamber  
  86  7:09  Roach x4  
  86  7:10  Roach x2  
  96  7:32  Zerg Ground Armor Level 1, Zerg Missile Weapons Level 1  
  90  7:41  Roach x10  
  90  7:43  Ravager  
  111  7:54  Ravager  
  112  8:04  Extractor  
  111  8:06  Extractor  
  111  8:09  Roach  
  111  8:10  Roach  
  111  8:12  Overlord x3  
  110  8:22  Spore Crawler  
  110  8:24  Spore Crawler  
  110  8:25  Spore Crawler  
  110  8:26  Drone x3  
  110  8:27  Drone x2  
  110  8:28  Overlord x3  
  112  8:41  Roach x2  
  112  8:42  Roach x4  
  124  8:49  Ravager x4  
  124  8:50  Ravager x2  
  130  9:09  Queen x2  
  134  9:17  Hatchery  
  133  9:32  Roach x3  
  133  9:45  Roach x3  
  100  10:15  Roach x7  
  111  10:29  Roach x3  
  111  10:30  Roach  
  119  10:44  Spire  
  119  10:49  Roach x2  
  124  10:50  Roach  
  124  11:27  Overseer  
  124  11:28  Overseer  
  112  12:03  Mutalisk x2  
  112  12:04  Mutalisk x10  
  118  12:28  Mutalisk x6  
Show
View Real Time Build Order
Export as new Build Order

McFukitts Protoss - Winner!

Build Orders:  

Get SALT Encoding   

  12  0:03  Probe (Chrono Boost)  
  13  0:16  Pylon  
  13  0:19  Probe (Chrono Boost)  
  14  0:35  Gateway  
  14  0:36  Probe (Chrono Boost)  
  15  0:47  Probe (Chrono Boost)  
  16  0:52  Assimilator  
  16  0:57  Probe (Chrono Boost)  
  17  1:07  Pylon  
  17  1:08  Probe (Chrono Boost)  
  19  1:18  Probe (Chrono Boost)  
  19  1:19  Assimilator  
  19  1:23  Cybernetics Core  
  19  1:29  Probe (Chrono Boost)  
  20  1:39  Probe (Chrono Boost)  
  21  1:50  Probe (Chrono Boost)  
  22  1:56  Warp Gate  
  23  2:01  Probe (Chrono Boost)  
  23  2:05  Adept  
  25  2:14  Twilight Council  
  25  2:17  Gateway  
  25  2:29  Pylon  
  25  2:37  Probe (Chrono Boost)  
  24  2:49  Probe (Chrono Boost), Gateway  
  24  2:50  Resonating Glaives  
  25  3:02  Probe (Chrono Boost)  
  25  3:04  Adept  
  27  3:08  Adept  
  31  3:15  Mothership Core (Chrono Boost)  
  29  3:30  Gateway  
  29  3:31  Adept  
  31  4:12  Nexus  
  31  4:17  Pylon  
  31  4:26  Dark Shrine  
  31  4:33  Pylon  
  30  4:52  Adept x2  
  34  4:53  Sentry x2  
  34  4:57  Probe (Chrono Boost)  
  39  5:09  Probe (Chrono Boost)  
  39  5:14  Adept x2  
  45  5:21  Probe (Chrono Boost)  
  45  5:30  Adept  
  45  5:31  Adept  
  49  5:48  Adept x2  
  38  6:11  Stalker x3  
  30  6:35  Adept x2  
  30  6:49  Probe (Chrono Boost)  
  30  6:50  Probe (Chrono Boost)  
  30  6:59  Probe (Chrono Boost)  
  32  7:02  Probe (Chrono Boost)  
  32  7:10  Probe (Chrono Boost)  
  32  7:13  Probe (Chrono Boost)  
  32  7:15  Dark Templar  
  34  7:27  Dark Templar  
  34  7:28  Dark Templar  
  36  7:37  Dark Templar  
  38  7:48  Adept  
  38  7:49  Probe x2 (Chrono Boost)  
  38  8:00  Probe x2 (Chrono Boost)  
  34  8:20  Stalker x3  
  38  8:42  Probe (Chrono Boost)  
  38  8:43  Probe (Chrono Boost)  
  37  8:57  Probe (Chrono Boost)  
  37  8:58  Probe (Chrono Boost)  
  39  9:08  Probe x2 (Chrono Boost)  
  41  9:18  Probe (Chrono Boost)  
  41  9:19  Probe (Chrono Boost)  
  43  9:32  Adept x3  
  43  9:33  Sentry  
  47  9:53  Adept x2  
  47  9:54  Adept  
  51  10:11  Adept  
  51  10:31  Dark Templar  
  51  10:32  Dark Templar  
  51  10:33  Adept x2  
  60  10:36  Probe x2 (Chrono Boost)  
  59  10:46  Probe (Chrono Boost)  
  56  11:06  Adept  
  56  11:07  Adept x3  
  56  11:10  Pylon  
  62  11:14  Pylon  
  62  11:18  Pylon  
  62  11:23  Probe x2 (Chrono Boost)  
  62  11:34  Probe (Chrono Boost)  
  47  12:03  Stalker x3  
  47  12:04  Stalker  
  47  12:05  Probe (Chrono Boost)  
  47  12:06  Probe (Chrono Boost)  
  50  12:15  Probe (Chrono Boost)  
  50  12:17  Pylon  
  50  12:18  Probe (Chrono Boost), Gateway  
  50  12:20  Gateway  
  50  12:22  Gateway  
  51  12:30  Stalker x3  
  51  12:31  Stalker  
  57  12:53  Probe (Chrono Boost)  
  58  12:58  Robotics Facility  
  58  13:03  Assimilator  
  58  13:05  Assimilator  
  58  13:07  Pylon  
Show
View Real Time Build Order
Export as new Build Order

PurpleZebra Zerg 

Build Orders: Hatch First 

Get SALT Encoding   

  12  0:02  Drone  
  13  0:14  Overlord  
  13  0:19  Drone  
  14  0:25  Extractor  
  14  0:28  Drone  
  14  0:34  Drone  
  16  0:37  Drone  
  17  1:00  Hatchery  
  16  1:10  Extractor  
  15  1:12  Spawning Pool  
  15  1:14  Drone  
  15  1:18  Drone  
  15  1:21  Drone  
  17  1:26  Drone  
  18  1:37  Drone  
  19  1:49  Drone  
  20  2:00  Zergling x2  
  21  2:09  Zergling x2  
  21  2:11  Metabolic Boost  
  21  2:12  Queen  
  21  2:13  Queen  
  27  2:15  Drone  
  27  2:33  Overlord  
  27  2:44  Drone  
  28  2:57  Drone  
  29  2:58  Baneling Nest  
  28  3:08  Zergling x10  
  28  3:10  Hatchery  
  31  3:25  Drone x3  
  31  3:26  Drone x2  
  36  3:29  Overlord  
  36  3:50  Drone x5  
  41  4:02  Zergling x8  
  44  4:05  Overlord x2  
  43  4:15  Overlord x2  
  42  4:17  Evolution Chamber  
  42  4:20  Baneling x4  
  42  4:22  Baneling  
  42  4:23  Baneling  
  41  4:33  Queen  
  41  4:34  Zergling x2  
  41  4:35  Zergling x4  
  44  4:39  Zergling x6  
  41  4:59  Zerg Ground Armor Level 1  
  36  5:03  Zergling x8  
  40  5:12  Baneling  
  40  5:13  Baneling x2  
  40  5:17  Drone x3  
  40  5:21  Zergling x6  
  39  5:49  Drone x3, Queen  
  44  5:56  Hatchery  
  43  5:57  Spawning Pool  
  39  6:09  Zergling x2  
  39  6:10  Zergling x10  
  39  6:28  Roach Warren  
  39  6:36  Queen  
  39  6:37  Drone x2  
  39  6:38  Zergling x2  
  39  6:39  Zergling x10  
  41  6:50  Lair  
  41  6:54  Zerg Melee Weapons Level 1  
  40  7:04  Extractor  
  40  7:05  Drone x3  
  40  7:08  Zergling x16  
  50  7:21  Zergling x8  
  54  7:25  Zergling x2  
  54  7:26  Zergling x4  
  54  7:27  Zergling x4  
  57  7:40  Spore Crawler  
  57  7:43  Spore Crawler  
  55  7:44  Spore Crawler  
  55  7:46  Drone x2  
  55  7:47  Spine Crawler  
  55  7:48  Drone  
  55  7:50  Overseer  
  56  7:51  Overseer  
  52  8:04  Drone x7  
  52  8:14  Zergling x8  
  52  8:30  Glial Reconstitution  
  52  8:33  Drone x2  
  54  8:35  Drone x4  
  57  8:42  Drone x4  
  61  8:57  Drone  
  61  8:58  Drone x6  
  60  9:20  Roach x4  
  60  9:21  Roach x5  
  75  9:35  Roach x2  
  75  9:36  Overlord  
  75  9:37  Overlord x3  
  75  9:51  Zergling x14  
  62  10:06  Roach x9  
  50  10:41  Zergling x10  
  34  11:04  Zergling x4  
  27  11:17  Roach x6  
Show
View Real Time Build Order
Export as new Build Order

Guitar Terran 

Build Orders: MMM Bio 

Get SALT Encoding   

  12  0:01  SCV  
  13  0:13  SCV  
  14  0:20  Supply Depot  
  14  0:25  SCV  
  15  0:36  Refinery  
  15  0:41  SCV  
  16  0:47  Barracks  
  16  0:53  SCV  
  17  1:06  Supply Depot  
  17  1:15  Barracks  
  17  1:17  SCV  
  18  1:25  Refinery  
  18  1:35  Reaper  
  19  1:44  Orbital Command  
  19  2:02  Reaper  
  20  2:18  Reaper, SCV  
  22  2:34  Reaper  
  23  2:41  Command Center  
  23  2:43  SCV  
  24  2:50  Reaper  
  25  2:55  SCV  
  26  3:07  SCV  
  26  3:09  Reaper  
  28  3:19  SCV  
  29  3:23  Reaper  
  30  3:29  Factory  
  30  3:31  SCV  
  28  3:51  Barracks Tech Lab  
  28  3:55  Orbital Command  
  26  4:01  Engineering Bay  
  26  4:05  Bunker  
  26  4:09  Barracks Tech Lab  
  26  4:11  SCV  
  26  4:16  Starport  
  26  4:19  Marauder  
  26  4:20  Widow Mine  
  26  4:23  SCV  
  31  4:26  Supply Depot  
  31  4:28  Supply Depot  
  31  4:40  Liberator  
  31  4:55  Factory Tech Lab  
  34  5:04  Marauder  
  34  5:05  Marauder  
  34  5:06  Combat Shields, Stimpack  
  38  5:15  Barracks  
  38  5:23  Siege Tank  
  38  5:26  Marauder  
  42  5:54  Marauder x2  
  42  5:55  Siege Tank  
  46  6:13  Marine  
  46  6:14  Liberator  
  46  6:15  Marine x2  
  42  6:30  Marine  
  43  6:34  Marauder x2  
  46  6:48  Marine  
  47  6:54  Marine  
  47  6:55  Missile Turret, Marauder  
  50  7:06  Marine  
  51  7:12  Marine  
  52  7:16  Marine  
  53  7:24  Marine  
  54  7:31  Marauder  
  54  7:34  Missile Turret, Marine  
  57  7:42  Marine  
  58  7:52  Marauder  
  60  8:06  Terran Infantry Weapons Level 1  
  60  8:08  Missile Turret  
  60  8:17  Marine x2  
  62  8:23  Missile Turret  
  62  8:33  Starport Reactor  
  62  8:44  Bunker  
  62  8:52  Orbital Command  
  62  8:58  Marine, Marauder  
  62  9:19  Refinery  
  62  9:20  Refinery  
  62  9:24  Missile Turret  
  62  9:37  Marine  
  61  9:39  Marauder  
  61  9:40  Medivac x2  
  61  9:41  Siege Tank  
  61  9:42  Marauder  
  48  9:54  Marine  
  39  10:00  Marauder  
  39  10:03  Marine  
  41  10:12  Marine  
  40  10:15  Liberator x2  
  40  10:21  Marine, Marauder  
  42  10:27  Orbital Command  
  43  10:30  Marine  
  43  10:31  Siege Tank  
  53  10:39  Marine  
  53  10:41  Bunker  
  53  10:42  Marine  
  55  10:48  Marine  
  50  10:56  Marine  
  46  10:59  Barracks  
  46  11:00  Marine  
  46  11:01  Barracks  
  46  11:03  Siege Tank  
  50  11:06  Marine  
  51  11:14  Marine  
  51  11:15  Medivac x2  
  51  11:17  Marine  
  57  11:23  Marine  
  60  11:33  Marauder  
  60  11:35  Marine  
  60  11:38  Siege Tank  
  57  11:44  Marine  
  58  11:53  Marine  
  58  11:54  Marauder  
  55  12:10  Siege Tank  
  51  12:16  Orbital Command  
  51  12:22  Medivac x2  
  53  12:23  Marine x3  
  56  12:40  Marine  
  56  12:41  Marine  
  56  12:42  Marauder  
Tags
 
Add a new tag
Caveats
  • Supply blocks, unpowered buildings, or Contaminate may cause inaccurate times.
  • Supply counts are checked every 10 seconds.